Match 47392542
Unlisted

Match 47392542
End
Pioneer Squad
Construct Infanterie Kompanie
MG 42 Machine Gun Team
MG 42 Machine Gun Team
Grenadier Squad
Grenadier Squad
Construct Luftwaffe Kompanie
Jäger Squad
Jäger Squad
Selects Mechanized Battlegroup
Selects Mobile Repair Stations
Selects Wespe Self-propelled Artillery
Kettenkrad Recon Vehicle
Wespe Self-propelled Artillery
Flak 30 Anti-aircraft Gun Team
Medical Station
Support Elements
Marder III M Tank Destroyer
221 Scout Car
Jäger Squad
Wirbelwind Flakpanzer
Marder III M Tank Destroyer
Selects Zeroing Artillery Barrage
Selects Raid Package
Selects 8 Rad Armored Car
Jäger Squad
Jäger Squad
Zeroing Artillery Barrage
Marder III M Tank Destroyer
Unbekannt
Erikson
deluxe_d!ablo
Toxic Grandfather
CompanyOfBlowJob3
Tanith's Finest
0
0

Comments sign in to comment!

No comments posted yet!